 Dungeon Crawl Stone Soup version 0.21-a0-509-gecc5317 (webtiles) character file.

52475 slep the Severer (level 14, -7/129 HPs)
             Began as a Minotaur Gladiator on Nov 30, 2017.
             Was the Champion of Okawaru.
             Shot with an arrow by a deep elf archer (23 damage)
             ... led by a deep elf high priest
             ... on level 1 of the Elven Halls.
             The game lasted 02:25:49 (16291 turns).

slep the Severer (Minotaur Gladiator)              Turns: 16291, Time: 02:25:49

Health: -7/129     AC: 17    Str: 20    XL:     14   Next: 27%
Magic:  4/13       EV: 18    Int:  7    God:    Okawaru [******]
Gold:   701        SH: 14    Dex: 22    Spells: 13/13 levels left

rFire    + . .     SeeInvis .   b - +0 blowgun
rCold    + . .     Gourm    +   O - +2 shield {rF+}
rNeg     . . .     Faith    .   P - +1 ring mail {MR+}
rPois    .         Spirit   .   c - +1 hat
rElec    .         Reflect  .   N - +2 cloak of Spring Thaw {Int+2 Slay+2}
rCorr    .         Harm     .   l - +2 pair of gloves
MR       ++...                  g - +0 pair of boots
Stlth    ++........             v - amulet of the gourmand
HPRegen  0.31/turn              i - +4 ring of dexterity
MPRegen  0.13/turn              Z - ring of protection from cold

@: no status effects
A: retaliatory headbutt, horns 2, agile 1
a: Heroism, Finesse, Renounce Religion


You were on level 1 of the Elven Halls.
You worshipped Okawaru.
Okawaru was exalted by your worship.
You were full.

You visited 4 branches of the dungeon, and saw 15 of its levels.
You also visited: Sewer and Volcano.

You collected 1458 gold pieces.
You spent 757 gold pieces at shops.

Inventory:

Hand Weapons
 a - a +8 antimagic war axe
 b - a +0 blowgun (weapon)
 n - the +7 fustibalus "Araefur" {venom, Str+3}
   (You found it on level 2 of the Orcish Mines)

   It poisons the ammo it fires.
   It affects your strength (+3).
 q - a +2 eveningstar of freezing
 V - the +7 spear of the Battered Shrikes {venom, Int+4}
   (Okawaru gifted it to you on level 1 of the Elven Halls)

   It poisons the flesh of those it strikes.
   It affects your intelligence (+4).
Missiles
 d - a throwing net
 s - 6 curare-tipped needles (quivered)
 Q - 7 needles of frenzy
Armour
 c - a +1 hat (worn)
 g - a +0 pair of boots (worn)
 l - a +2 pair of gloves (worn)
 t - a +1 cloak of invisibility
 y - a +3 ring mail of fire resistance
 N - the +2 cloak of Spring Thaw (worn) {Int+2 Slay+2}
   (You bought it in a shop on level 2 of the Orcish Mines)

   It affects your intelligence (+2).
   It affects your accuracy and damage with ranged weapons and melee attacks
   (+2).
 O - a +2 shield of fire resistance (worn)
 P - a +1 ring mail of magic resistance (worn)
 T - a +2 ring mail of cold resistance
Jewellery
 i - a +4 ring of dexterity (left hand)
 v - an amulet of the gourmand (around neck)
 A - an uncursed ring of protection from fire
 Z - a ring of protection from cold (right hand)
Wands
 x - a wand of paralysis (19)
 B - a wand of iceblast (4)
 J - a wand of random effects (32)
 K - a wand of polymorph (8)
 Y - a wand of enslavement (33)
Scrolls
 e - 3 scrolls of fear
 h - 5 scrolls of identify
 p - 7 scrolls of enchant armour
 w - a scroll of brand weapon
 C - 4 scrolls of teleportation
 D - 4 scrolls of magic mapping
 F - 2 scrolls of enchant weapon
 I - 2 scrolls of fog
 M - a scroll of summoning
 U - a scroll of blinking {unknown}
Potions
 k - 3 potions of resistance
 o - 2 potions of lignification
 u - 3 potions of berserk rage
 z - a potion of flight
 G - 3 potions of agility
 L - 2 potions of magic
 R - 3 potions of brilliance
 X - 2 potions of mutation
Miscellaneous
 S - a lamp of fire
Comestibles
 f - 12 bread rations
 r - 7 royal jellies
 E - 13 fruits
 H - 6 meat rations


   Skills:
 + Level 13.4 Fighting
 + Level 17.2(17.9) Axes
 + Level 8.9(14.1) Maces & Flails
 + Level 2.3(11.8) Polearms
 + Level 3.7 Throwing
 + Level 10.0 Armour
 + Level 9.9 Dodging
 + Level 3.7 Stealth
 + Level 8.8 Shields
 + Level 0.1 Invocations
 + Level 1.0 Evocations


You had 13 spell levels left.
You didn't know any spells.

Dungeon Overview and Level Annotations

Branches:
Dungeon (11/15)            Temple (1/1) D:7            Lair (0/6) D:9
    Orc (2/2) D:11            Elf (1/3) Orc:2

Altars:
Ashenzari
Cheibriados
Dithmenos
Elyvilon
Fedhas
Gozag
Hepliaklqana
Kikubaaqudgha
Makhleb
Nemelex Xobeh
Okawaru
Qazlal
Ru
Sif Muna
Trog
Uskayaw
Vehumet
Wu Jian
Xom
Yredelemnul
Zin
The Shining One
Beogh

Shops:
D:11 (   Orc:2 (}}[   Elf:1 [


Innate Abilities, Weirdness & Mutations

You reflexively headbutt those who attack you in melee.
You have a pair of horns on your head.
You are agile. (Dex +2)


Message History

You slash the crawling corpse!
You destroy the crawling corpse!
The deep elf archer seems less brilliant. x2
The deep elf archer shoots an arrow.
You block the arrow.
You feel magic returning to you.
b - a +0 blowgun (weapon)
Firing (i - inventory. (,) - cycle):
s - 8 curare-tipped needles (quivered)
Press: ? - help, Shift-Dir - straight line, f - deep elf archer
Aim: a deep elf archer, wielding a shortbow and wearing a leather armour (heavily wounded, repelling missiles)
You shoot a curare-tipped needle.
The curare-tipped needle hits the deep elf archer.
The deep elf archer is poisoned.
The deep elf archer convulses.
The deep elf archer seems to slow down.
The deep elf archer is heavily wounded.
Firing (i - inventory. (,) - cycle):
s - 7 curare-tipped needles (quivered)
Press: ? - help, Shift-Dir - straight line, f - deep elf archer, p - deep elf archer
Aim: a deep elf archer, wielding a longbow and wearing a leather armour (repelling missiles)
You shoot a curare-tipped needle. The curare-tipped needle is repelled.
The deep elf archer shoots an arrow.
The arrow hits you!!
You die...

#####.......#
#.......#
#.......#
#.......#
#.....(.#
#.....(.#
#..(e...#
##...)..#
#####..@)..#
....#..))..#
....'..e...#
###.#......#
#.#......#
###+#......#
#..........#
.......(...#
...........#


You could see 2 deep elf archers.

Vanquished Creatures
  A sphinx (Elf:1)
  An orc warlord (Orc:2)
  2 deep elf annihilators (Elf:1)
  2 ettins (Orc:2)
  An eidolon (Elf:1)
  A deep elf high priest (Elf:1)
  A great orb of eyes (Elf:1)
  Erolcha (D:9)
  A centaur warrior (Volcano)
  4 two-headed ogres
  2 dancing weapons (Elf:1)
  Urug (D:10)
  5 orc high priests
  Sonja (D:10)
  A deep elf knight (Elf:1)
  A hell knight (Volcano)
  2 unseen horrors
  2 wizards (Elf:1)
  Pikel (D:9)
  18 deep elf magi (Elf:1)
  3 deep elf archers (Elf:1)
  5 orc knights (Orc:2)
  3 ugly things
  4 orc sorcerers
  Joseph (D:8)
  Psyche (D:10)
  2 yaktaurs (Volcano)
  A kobold demonologist (D:11)
  3 trolls
  2 hippogriffs (D:9)
  Prince Ribbit (D:9)
  10 yaks
  A spriggan (D:7)
  A wyvern (D:10)
  2 hungry ghosts (D:9)
  2 golden eyes (Elf:1)
  3 wargs
  A soldier ant (D:11)
  2 water moccasins
  4 slaves (D:9)
  53 orc warriors
  A phantom (D:6)
  5 ice beasts
  An eye of draining (D:11)
  A sky beast (D:9)
  A porcupine (D:9)
  A hornet zombie (D:7)
  2 black bears
  15 ogres
  5 centaurs
  3 big kobolds
  5 crocodiles
  Blork the orc (D:5)
  5 bullfrogs
  An earth elemental (Elf:1)
  2 scorpions
  4 killer bees (D:11)
  8 wights (D:9)
  3 howler monkeys
  4 crimson imps
  2 bullfrog zombies
  An iron imp (D:6)
  32 orc priests
  2 bullfrog skeletons
  3 hounds
  A jelly (D:11)
  Ijyb (D:3)
  Terence (D:2)
  29 orc wizards
  7 worker ants
  2 iguanas (D:9)
  Natasha (thrice) (D:3)
  2 hound skeletons
  A worker ant zombie (D:11)
  Robin (D:4)
  A howler monkey skeleton (D:6)
  4 gnolls (D:3)
  2 river rats (Sewer)
  13 adders
  2 shadow imps
  An adder skeleton (D:5)
  3 worms
  4 dart slugs
  15 leopard geckos
  96 orcs
  10 giant cockroaches
  12 goblins
  12 hobgoblins
  14 jackals
  18 kobolds
  6 quokkas
  5 bats
  4 frilled lizards
  A goblin skeleton (D:6)
  2 hobgoblin zombies (D:6)
  A kobold skeleton (D:6)
  A kobold zombie (D:6)
  2 orc skeletons (D:6)
  2 orc zombies (D:6)
  13 rats
  2 crawling corpses (Elf:1)
556 creatures vanquished.

Vanquished Creatures (others)
  An orc wizard (D:11)
  An orc (Orc:2)
  A fungus (D:9)
  5 plants (D:9)
8 creatures vanquished.

Grand Total: 564 creatures vanquished

Notes
Turn   | Place    | Note
-------+----------+-------------------------------------------
     0 | D:1      | slep the Minotaur Gladiator began the quest for the Orb.
     0 | D:1      | Reached XP level 1. HP: 18/18 MP: 0/0
   158 | D:1      | Reached XP level 2. HP: 23/25 MP: 1/1
   258 | D:1      | Reached skill level 4 in Axes
   381 | D:1      | Reached XP level 3. HP: 29/30 MP: 2/2
   736 | D:2      | Found a stormy altar of Qazlal.
   872 | D:2      | Noticed Terence
   880 | D:2      | Killed Terence
   880 | D:2      | Reached skill level 5 in Axes
   880 | D:2      | Reached XP level 4. HP: 32/38 MP: 3/3
  1017 | D:2      | Found a hide-covered altar of Uskayaw.
  1155 | D:2      | Reached skill level 1 in Armour
  1397 | D:3      | Noticed Natasha
  1400 | D:3      | Killed Natasha
  1400 | D:3      | Reached XP level 5. HP: 40/45 MP: 4/4
  1460 | D:3      | Reached skill level 6 in Axes
  1464 | D:3      | Noticed Ijyb
  1700 | D:3      | Killed Ijyb
  1799 | D:3      | Found an opulent altar of Gozag.
  1884 | D:3      | You fall through a shaft!
  2000 | D:4      | Found a glowing drain.
  2015 | D:4      | Reached XP level 6. HP: 41/52 MP: 5/5
  2025 | Sewer    | Entered a sewer
  2097 | Sewer    | Reached skill level 7 in Axes
  2112 | Sewer    | Found a glowing silver altar of Zin.
  2232 | D:4      | Noticed Robin
  2239 | D:4      | Killed Robin
  2310 | D:3      | Noticed Natasha
  2317 | D:3      | Killed Natasha
  2418 | D:3      | Noticed Natasha
  2424 | D:3      | Killed Natasha
  2500 | D:4      | Reached XP level 7. HP: 27/60 MP: 6/6
  2635 | D:4      | Found an ornate altar of the Wu Jian Council.
  2699 | D:4      | Reached skill level 8 in Axes
  2701 | D:4      | Reached skill level 5 in Fighting
  2828 | D:5      | Entered Level 5 of the Dungeon
  3168 | D:5      | Noticed Blork the orc
  3171 | D:5      | Killed Blork the orc
  3171 | D:5      | Reached XP level 8. HP: 69/69 MP: 7/7
  3472 | D:6      | Reached skill level 9 in Axes
  3490 | D:6      | Reached skill level 5 in Armour
  3706 | D:6      | Reached skill level 10 in Axes
  3835 | D:6      | Found a glowing golden altar of the Shining One.
  3839 | D:6      | Got a bloodstained dagger
  3982 | D:6      | Reached XP level 9. HP: 61/78 MP: 8/8
  4244 | D:7      | Identified the cursed +0 dagger of Winter {drain, Int+6} (You found it on level 6 of the Dungeon)
  4337 | D:7      | Found a staircase to the Ecumenical Temple.
  4346 | D:7      | Reached skill level 11 in Axes
  4348 | Temple   | Entered the Ecumenical Temple
  4439 | Temple   | Became a worshipper of Warmaster Okawaru
  4786 | D:7      | Reached skill level 5 in Dodging
  5056 | D:8      | Noticed Joseph
  5072 | D:8      | Killed Joseph
  5072 | D:8      | Reached * piety under Okawaru
  5498 | D:8      | Found a shimmering altar of Xom.
  5895 | D:9      | Noticed a troll
  5903 | D:9      | Killed a troll
  5903 | D:9      | Reached skill level 12 in Axes
  5947 | D:9      | Found a basalt altar of Yredelemnul.
  5949 | D:9      | Noticed Pikel
  5967 | D:9      | Killed Pikel
  5967 | D:9      | Reached ** piety under Okawaru
  5967 | D:9      | Reached XP level 10. HP: 72/88 MP: 9/9
  5969 | D:9      | Found a shattered altar of Ashenzari.
  6130 | D:9      | Reached skill level 13 in Axes
  6258 | D:9      | Reached *** piety under Okawaru
  6259 | D:9      | Noticed a two-headed ogre
  6273 | D:9      | Killed a two-headed ogre
  6413 | D:9      | Noticed Prince Ribbit
  6418 | D:9      | Killed Prince Ribbit
  6418 | D:9      | Received a gift from Okawaru
  6582 | D:9      | Reached skill level 14 in Axes
  6600 | D:9      | Found a staircase to the Lair.
  6683 | D:9      | Reached skill level 1 in Stealth
  6713 | D:9      | Noticed Erolcha
  6720 | D:9      | Killed Erolcha
  6720 | D:9      | Reached **** piety under Okawaru
  6720 | D:9      | Reached XP level 11. HP: 52/97 MP: 10/10
  6738 | D:9      | Found a snail-covered altar of Cheibriados.
  6945 | D:10     | Entered Level 10 of the Dungeon
  6959 | D:10     | Noticed Psyche
  6959 | D:10     | Paralysed by Psyche for 7 turns
  6968 | D:10     | Killed Psyche
  7030 | D:10     | Noticed Sonja
  7060 | D:10     | Killed Sonja
  7524 | D:10     | Received a gift from Okawaru
  7524 | D:10     | Reached skill level 15 in Axes
  7571 | D:10     | Killed an unseen horror
  7693 | D:10     | Noticed Urug
  7711 | D:10     | Killed Urug
  7711 | D:10     | Reached skill level 10 in Fighting
  8219 | D:11     | Noticed a cyan ugly thing
  8222 | D:11     | Noticed a green ugly thing
  8239 | D:11     | Killed a cyan ugly thing
  8239 | D:11     | Reached ***** piety under Okawaru
  8239 | D:11     | Received a gift from Okawaru
  8239 | D:11     | Reached skill level 1 in Maces & Flails
  8256 | D:10     | Killed a green ugly thing
  8265 | D:10     | Gained mutation: Your mind is acute. (Int +2) [mutagenic meat]
  8266 | D:10     | Lost mutation: Your mind is acute. (Int +2) [mutagenic meat]
  8715 | D:11     | Received a gift from Okawaru
  8748 | D:11     | Killed an unseen horror
  9046 | D:11     | Noticed a brown ugly thing
  9054 | D:11     | Killed a brown ugly thing
  9054 | D:11     | Reached skill level 5 in Maces & Flails
  9062 | D:11     | Gained mutation: You are agile. (Dex +2) [mutagenic meat]
  9073 | D:11     | Got a jewelled cloak {god gift}
  9077 | D:11     | Found a staircase to the Orcish Mines.
  9180 | D:11     | Identified the +1 cloak of Kol Ahid {Str+5} (Okawaru gifted it to you on level 11 of the Dungeon)
  9512 | D:11     | Found Yqackyko's Weapon Boutique.
  9724 | Orc:1    | Entered Level 1 of the Orcish Mines
  9781 | Orc:1    | Reached XP level 12. HP: 85/107 MP: 11/11
 10107 | Orc:1    | Found a dark tunnel.
 10118 | Volcano  | Entered a volcano
 10186 | Volcano  | Noticed a centaur warrior
 10196 | Volcano  | Killed a centaur warrior
 10466 | Orc:2    | Entered Level 2 of the Orcish Mines
 10599 | Orc:2    | Noticed a two-headed ogre
 10604 | Orc:2    | Killed a two-headed ogre
 10722 | Orc:1    | Found a roughly hewn altar of Beogh.
 10761 | Orc:1    | HP: 4/110 [orc warrior/halberd[an orc knight] (22)]
 10774 | Orc:2    | Reached skill level 1 in Shields
 11491 | Orc:2    | Noticed a two-headed ogre
 11498 | Orc:2    | Killed a two-headed ogre
 11498 | Orc:2    | Received a gift from Okawaru
 11730 | Orc:2    | Reached ****** piety under Okawaru
 11913 | Orc:2    | Noticed an orc high priest
 11928 | Orc:2    | Killed an orc high priest
 12051 | Orc:2    | Reached skill level 16 in Axes
 12075 | Orc:2    | Received a gift from Okawaru
 12088 | Orc:2    | Found a staircase to the Elven Halls.
 12376 | Orc:2    | Got a jewelled fustibalus
 12377 | Orc:2    | Identified the +7 fustibalus "Araefur" {venom, Str+3} (You found it on level 2 of the Orcish Mines)
 12604 | Orc:2    | Found a roughly hewn altar of Beogh.
 12625 | Orc:2    | Noticed a two-headed ogre
 12628 | Orc:2    | Killed a two-headed ogre
 12696 | Orc:2    | Reached XP level 13. HP: 62/117 MP: 12/12
 12720 | Orc:2    | Found Ozxoidd's Antique Weapon Emporium.
 12745 | Orc:2    | Found Danoppi's Gadget Shoppe.
 12746 | Orc:2    | Noticed an ettin
 12777 | Orc:2    | Killed an ettin
 13141 | Orc:2    | Noticed an ettin
 13147 | Orc:2    | Killed an ettin
 13147 | Orc:2    | Reached skill level 5 in Shields
 13235 | Orc:2    | Noticed an orc warlord
 13672 | Orc:2    | Killed an orc warlord
 14089 | Orc:2    | Found Eshafy's Gadget Shop.
 14488 | Orc:2    | Found Kiesk's Antique Armour Boutique.
 14519 | Orc:2    | Bought a dazzling cloak for 228 gold pieces
 14519 | Orc:2    | Bought a shiny ring mail for 168 gold pieces
 14569 | Orc:2    | Identified the +2 cloak of Spring Thaw {Int+2 Slay+2} (You bought it in a shop on level 2 of the Orcish Mines)
 14649 | Orc:2    | Received a gift from Okawaru
 14649 | Orc:2    | Reached skill level 1 in Evocations
 14669 | Orc:2    | Found a roughly hewn altar of Beogh.
 14934 | Elf:1    | Entered Level 1 of the Elven Halls
 15155 | Elf:1    | Received a gift from Okawaru
 15298 | Elf:1    | Paralysed by an orc sorcerer for 2 turns
 15302 | Elf:1    | Received a gift from Okawaru
 15549 | Elf:1    | Noticed an eidolon
 15555 | Elf:1    | Noticed a sphinx
 15582 | Elf:1    | Killed a sphinx
 15582 | Elf:1    | Received a gift from Okawaru
 15595 | Elf:1    | Killed an eidolon
 15595 | Elf:1    | Reached skill level 17 in Axes
 15595 | Elf:1    | Reached XP level 14. HP: 91/129 MP: 4/13
 15630 | Elf:1    | Identified the Papyrus of Hexes
 15782 | Elf:1    | Received a gift from Okawaru
 15785 | Elf:1    | Got an ebony spear {god gift}
 15786 | Elf:1    | Identified the +7 spear of the Battered Shrikes {venom, Int+4} (Okawaru gifted it to you on level 1 of the Elven Halls)
 16143 | Elf:1    | Found Tohirola's Antique Armour Shop.
 16155 | Elf:1    | Reached skill level 1 in Polearms
 16186 | Elf:1    | Bought a smoking buckler for 361 gold pieces
 16196 | Elf:1    | Identified the cursed -6 buckler "Erimp" {Int+4 Dex+7} (You bought it in a shop on level 1 of the Elven Halls)
 16274 | Elf:1    | Reached skill level 10 in Armour
 16275 | Elf:1    | HP: 6/129 [deep elf high priest/a malign offering (13)]
 16291 | Elf:1    | Shot with an arrow by a deep elf archer

Vault maps used:
D:1:      kennysheep_arrival_seaside, minmay_tetromino_o2
D:2:      eat_drink_and_be_merry_uskayaw, lemuel_round_altar, uniq_terence
D:3:      first_bread, grunt_gozag_statues, uniq_natasha, uniq_ijyb
D:4:      kennysheep_mini_moat, gup_sewer_entry_pipe, dk_noncrumbling_4,
          uniq_robin
D:5:      uniq_blork_the_orc
D:6:      minmay_cornered_nines, nicolae_tso_besieged_by_evil
D:7:      minmay_temple_entry_statues_fountains, the_bakery, minivault_24
D:8:      basic_altar, uniq_joseph
D:9:      gammafunk_temple_overflow_statue, overflow_temple_1_default,
          minmay_lair_entry_grove, uniq_prince_ribbit1, uniq_pikel, uniq_erolcha
D:10:     uniq_sonja, uniq_urug, uniq_psyche
D:11:     erik_orc_4, serial_shops, shop
Temple:   regret_index_temple_generic_petals
Orc:1:    basic_altar, enter_volcano_2
Orc:2:    pubby_orc_utopia, serial_shops
Elf:1:    minmay_elf_arrival_summoners, serial_shops, shop,
          serial_hangedman_research, hangedman_research_geology,
          hangedman_research_quantum, hangedman_research_probablistics,
          hangedman_research_toxicology, hangedman_elf_disciples
Sewer:    sewer_kobolds
Volcano:  volcano_pools

Skill      XL: |  1  2  3  4  5  6  7  8  9 10 11 12 13 14 |
---------------+-------------------------------------------+-----
Axes           | 4 5 6 7 8 10 12 14 15 16 17 | 17.2
Fighting       | 3 4 5 6 8 9 10 11 13 | 13.4
Dodging        | 4 6 7 8 9 |  9.9
Armour         | 1 3 4 6 7 8 9 10 | 10.0
Stealth        | 1 3 |  3.7
Maces & Flails | 6 8 |  8.9
Shields        | 4 8 |  8.8
Throwing       | 3 |  3.7
Evocations     | 1 |  1.0
Polearms       | 2 |  2.3
Invocations    | |  0.1

Action                   |  1- 3 |  4- 6 |  7- 9 | 10-12 | 13-15 || total
-------------------------+-------+-------+-------+-------+-------++-------
Melee: War axe           |    70 |   137 |   260 |   284 |   266 ||  1017
       Headbutt          |    11 |    28 |    47 |   155 |   129 ||   370
       Battleaxe         |       |       |       |   105 |       ||   105
       Eveningstar       |       |       |       |   236 |       ||   236
       Fustibalus        |       |       |       |     9 |       ||     9
       Flail             |       |       |       |     7 |       ||     7
       Spear             |       |       |       |       |    84 ||    84
 Fire: Blowgun           |       |       |       |     2 |    11 ||    13
Throw: Throwing net      |       |       |       |     4 |     2 ||     6
Invok: Heroism           |       |       |       |       |     2 ||     2
Evoke: Wand              |       |       |       |     2 |     6 ||     8
       Lamp of fire      |       |       |       |     1 |       ||     1
  Use: Scroll            |       |     4 |     1 |    16 |     7 ||    28
       Potion            |       |       |       |     9 |     5 ||    14
 Stab: Held in net/web   |       |       |       |     1 |       ||     1
       Sleeping          |       |       |       |     6 |       ||     6
       Distracted        |       |       |       |     2 |     2 ||     4
  Eat: Chunk             |       |    14 |    12 |    36 |    12 ||    74
Armor: Leather armour    |     6 |       |       |       |       ||     6
       Chain mail        |    25 |    70 |    73 |       |       ||   168
       Ring mail         |       |       |    26 |   202 |    63 ||   291
Dodge: Dodged            |    51 |    64 |   124 |   355 |   141 ||   735
Block: Shield            |       |       |       |   123 |   177 ||   300

Table legend:
 A = Spawn XP
 B = Non-spawn XP
 C = Spawn XP percentage of total XP
 D = Spawn monster count
 E = Non-spawn monster count
 F = Spawn count percentage of total count
 G = Total turns spent on level
                    A         B        C        D         E        F      G
               +---------+---------+-------+---------+---------+-------+---------
         Total |       0 |   74965 |   0.0 |       0 |     551 |   0.0 | 16291
               +---------+---------+-------+---------+---------+-------+---------
           D:1 |       0 |      52 |   0.0 |       0 |      31 |   0.0 |   700
           D:2 |       0 |     107 |   0.0 |       0 |      24 |   0.0 |   881
           D:3 |       0 |     304 |   0.0 |       0 |      29 |   0.0 |   537
           D:4 |       0 |     407 |   0.0 |       0 |      27 |   0.0 |   539
           D:5 |       0 |     448 |   0.0 |       0 |      13 |   0.0 |   608
           D:6 |       0 |    1419 |   0.0 |       0 |      43 |   0.0 |   727
           D:7 |       0 |     890 |   0.0 |       0 |      14 |   0.0 |   642
           D:8 |       0 |     944 |   0.0 |       0 |      17 |   0.0 |   869
           D:9 |       0 |    6802 |   0.0 |       0 |      49 |   0.0 |  1050
          D:10 |       0 |    4188 |   0.0 |       0 |      14 |   0.0 |  1571
          D:11 |       0 |    6217 |   0.0 |       0 |      62 |   0.0 |  1490
         Orc:1 |       0 |    1267 |   0.0 |       0 |      25 |   0.0 |   967
         Orc:2 |       0 |   22400 |   0.0 |       0 |     143 |   0.0 |  3853
         Elf:1 |       0 |   26741 |   0.0 |       0 |      43 |   0.0 |  1186
         Sewer |       0 |     140 |   0.0 |       0 |      11 |   0.0 |   171
       Volcano |       0 |    2639 |   0.0 |       0 |       6 |   0.0 |   279
               +---------+---------+-------+---------+---------+-------+---------
